 Dungeon Crawl Stone Soup version 0.26-a0-638-gcca6ad1b57 (webtiles) character file.

Game seed: 9811283660950719941

503 DogServant the Skirmisher (level 6, -5/57 HPs)
             Began as a Minotaur Fighter on Sept 14, 2020.
             Slain by an ogre
             ... wielding a +0 giant club
              (13 damage)
             ... on level 5 of the Dungeon.
             The game lasted 00:07:05 (4658 turns).

DogServant the Skirmisher (Minotaur Fighter)        Turns: 4658, Time: 00:07:06

Health: -5/57      AC:  7    Str: 22    XL:     6   Next: 96%
Magic:  0/5        EV:  7    Int: 11    God:
Gold:   210        SH:  9    Dex: 10    Spells: 4/5 levels left

rFire    x . .     SeeInvis .   a - +0 flail
rCold    + . .     Faith    .   c - +0 kite shield
rNeg     . . .     Spirit   +   b - +0 scale mail
rPois    .         Reflect  .   (helmet restricted)
rElec    .         Harm     .   (no cloak)
rCorr    .         Rampage  .   (no gloves)
MR       .....                  (no boots)
Stlth    ..........             e - amulet of guardian spirit
HPRegen  0.19/turn              f - ring of ice
MPRegen  0.09/turn              m - +6 ring of intelligence

@: no status effects
A: retaliatory headbutt, horns 2
a: no special abilities


You were on level 5 of the Dungeon.
You visited 1 branch of the dungeon, and saw 5 of its levels.

You collected 210 gold pieces.

Inventory:

Hand Weapons
 a - a +0 flail (weapon)
Armour
 b - a +0 scale mail (worn)
 c - a +0 kite shield (worn)
 q - a +0 cloak
Jewellery
 e - an amulet of guardian spirit (around neck)
 f - a ring of ice (left hand)
 k - an uncursed ring of ice
 m - a +6 ring of intelligence (right hand)
 r - a cursed ring of teleportation {unknown}
 w - a cursed -4 ring of evasion {unknown}
Wands
 y - a wand of acid (8)
Scrolls
 h - a scroll of enchant armour {unknown}
 i - 3 scrolls of amnesia {unknown}
 l - a scroll of immolation {unknown}
 n - a scroll of enchant weapon {unknown}
 o - a scroll of magic mapping {unknown}
 p - 8 scrolls of identify {unknown}
 s - a scroll of noise {unknown}
Potions
 d - a potion of might
 g - a potion of flight
 j - a potion of cancellation
 u - a potion of brilliance {unknown}
 v - a potion of lignification {unknown}
 x - a potion of stabbing {unknown}


   Skills:
 + Level 6.2 Fighting
 + Level 5.4 Maces & Flails
 + Level 6.1 Armour
 - Level 3.8 Shields


You had 4 spell levels left.
You knew the following spells:

 Your Spells              Type           Power        Failure   Level
a - Foxfire               Conj/Fire      #...         98%         1

Your spell library contained the following spells:

 Spells                   Type           Power        Failure   Level
 Conjure Flame            Conj/Fire      #.......     100%        3
 Inner Flame              Hex/Fire       #.......     100%        3
 Sticky Flame             Conj/Fire      #.......     100%        4
 Fireball                 Conj/Fire      #.........   100%        5


Dungeon Overview and Level Annotations

Branches:
Dungeon (5/15)
 Temple: D:4-7

Altars:
Fedhas
Gozag
Xom
The Shining One


Innate Abilities, Weirdness & Mutations

You reflexively headbutt those who attack you in melee.
You have a pair of horns on your head.


Message History

The bullfrog skeleton is almost destroyed.
The bullfrog skeleton closely misses you.
You furiously retaliate!
You headbutt the bullfrog skeleton.
You destroy the bullfrog skeleton!
The ogre closely misses you.
You see here 22 stones.
The ogre hits you with a +0 giant club!
* * * LOW HITPOINT WARNING * * *
There is an escape hatch in the floor, spattered with blood here.
You slide downwards.
The hatch slams shut behind you.
Found an opulent altar of Gozag.
Your scale mail prevents you from hitting the ogre.
You headbutt the ogre.
The ogre is lightly wounded.
The ogre hits you with a +0 giant club.
* * * LOW HITPOINT WARNING * * *
You thump the ogre!
The ogre is heavily wounded.
The ogre hits you with a +0 giant club!
You die...

# #.###
#....##########
#...@.......
#..O........
#.._........
#...........
#......####.
#####.## .# ..
...


You could see an ogre.

Vanquished Creatures
  A howler monkey (D:4)
  A bullfrog skeleton (D:4)
  2 orc priests (D:3)
  2 hounds (D:4)
  An iguana (D:4)
  Jessica (D:3)
  2 worker ants (D:4)
  4 gnolls (D:4)
  7 adders
  2 worms (D:2)
  2 leopard geckos
  13 orcs
  10 bats
  3 giant cockroaches
  9 goblins
  12 hobgoblins
  14 jackals
  3 quokkas
  A ball python (D:3)
  4 frilled lizards
  8 kobolds
  7 rats
109 creatures vanquished.

Vanquished Creatures (others)
  A bat (D:1)
1 creature vanquished.

Grand Total: 110 creatures vanquished

Notes
Turn   | Place    | Note
-------+----------+-------------------------------------------
     0 | D:1      | DogServant the Minotaur Fighter began the quest for the
                  | Orb.
     0 | D:1      | Reached XP level 1. HP: 19/19 MP: 0/0
    91 | D:1      | Reached XP level 2. HP: 25/27 MP: 1/1
   665 | D:1      | Reached XP level 3. HP: 29/33 MP: 2/2
  2194 | D:2      | Found a glowing golden altar of the Shining One.
  2533 | D:2      | Reached XP level 4. HP: 37/41 MP: 3/3
  3213 | D:3      | Reached skill level 5 in Fighting
  3213 | D:3      | Reached XP level 5. HP: 48/48 MP: 4/4
  3232 | D:3      | Reached skill level 5 in Armour
  3320 | D:3      | Noticed Jessica
  3326 | D:3      | Killed Jessica
  4017 | D:3      | Found a blossoming altar of Fedhas.
  4020 | D:3      | Found a shimmering altar of Xom.
  4192 | D:4      | Reached XP level 6. HP: 48/56 MP: 5/5
  4356 | D:4      | Learned a level 1 spell: Foxfire
  4438 | D:4      | Reached skill level 5 in Maces & Flails
  4655 | D:5      | Entered Level 5 of the Dungeon
  4655 | D:5      | Found an opulent altar of Gozag.
  4658 | D:5      | Slain by an ogre

Illustrated notes

Levels and vault maps discovered:
D:1:      matt_arrival_diagonals, layout_basic, skrybe_limestone_x,
          lemuel_old_faithful
D:2:      layout_basic, tso_metal_star
D:3:      minmay_general_purpose_star, layout_basic,
          chequers_temple_overflow_statue_of_worship, kennysheep_jessica_study
D:4:      layout_basic, old_standard_altar, grunt_ministairs_9
D:5:      layout_basic, serial_shops, nicolae_shop_statue_plus, basic_altar,
          minmay_a_box_with_orc_wizards_in_it

Skill      XL: |  1  2  3  4  5  6 |
---------------+-------------------+-----
Armour         | 4 5 6 |  6.1
Fighting       | 4 5 6 |  6.2
Maces & Flails | 3 4 5 |  5.4
Shields        | |  3.8

Action                   |  1- 3 |  4- 6 || total
-------------------------+-------+-------++-------
Melee: Flail             |   117 |   168 ||   285
       Headbutt          |    20 |    30 ||    50
  Use: Potion            |       |     3 ||     3
Armor: Scale mail        |    65 |    72 ||   137
Dodge: Dodged            |    50 |    40 ||    90
Block: Kite shield       |    64 |    82 ||   146

Table legend: (Time is in decaauts)
 A = Elapsed time spent in this place.
 B = Non-inter-level travel time spent in this place.
 C = Inter-level travel time spent in this place.
 D = Time resting spent in this place.
 E = Time spent auto-exploring this place.
 F = Levels seen in this place.
 G = Mean time per level.
                   A        B        C        D        E       F      G
               +--------+--------+--------+--------+--------+-----+--------+
         Total |   4739 |   4608 |    131 |   1446 |   2327 |   5 |  947.8 |
       Dungeon |   4739 |   4608 |    131 |   1446 |   2327 |   5 |  947.8 |
               +--------+--------+--------+--------+--------+-----+--------+

Top non-repeatable levels by time:
     D:1: 2005 daAuts
     D:3: 1435 daAuts
     D:2: 796 daAuts
     D:4: 499 daAuts
     D:5: 2 daAuts
